[Event "*** Titled Tuesday Blitz"]
[Site "Chess.com"]
[Date "2020.04.14"]
[Round "8"]
[White "Sanan_Sjugirov"]
[Black "Sashadav97"]
[Result "1-0"]
[WhiteElo "2819"]
[BlackElo "2598"]
[TimeControl "180+1"]
[EndTime "11:31:13 PDT"]
[Termination "Sanan_Sjugirov won by resignation"]

1. d4 d5 2. Nf3 e6 3. Bf4 Bd6 4. Bg3 Nf6 5. Nbd2 b6 6. e3 Bb7 7.
Bd3 c5 8. c3 Qc7 9. Bxd6 Qxd6 10. Ne5 O-O 11. f4 Ba6 12. Bc2 Nc6 13. g4 cxd4 14.
exd4 Nd7 15. g5 Ndxe5 16. fxe5 Nxe5 17. dxe5 Qxe5+ 18. Kf2 Qxg5 19. Nf3 Qf6 20. Qd4 Qxd4+ 21. cxd4 Rac8 22. Rac1 Bb5 23. Bb1 f6 24. h4 g6 25.
Rce1 Bd7 26. Kg3 Kg7 27. h5 Rh8 28. h6+ Kf7 29. Bd3 Rc7 30. Ref1 Ke7 31. Nh4 Be8 32. Re1 Bf7 33. Ng2 Kd6 34. Rhf1 f5 35. Nh4 g5 36.
Nf3 Rg8 37. Ne5 Be8 38. Rh1 Rf8 39. Kf3 Rg8 40. Reg1 Rc8 41. Rh2 Rc7 42. Ke3 g4 43. Kf4 Rc8 44. Re2 Rc7 45. Rge1 Rf8 46. Re3 Rf6 47. Rh1 Ba4 48. Re2 Rf8 49. Bb1 Rfc8 50.
Ree1 Bc2 51. Bxc2 Rxc2 52. Nf7+ Ke7 53. Ng5 Rf2+ 54. Kg3 Rxb2 55. Rxe6+ Kd7 56. Rhe1 Rc3+ 57.
Kf4 Rf2+ 58. Ke5 g3 59. Nxh7 g2 60. Nf6+ Kc7 61. Nxd5+ Kb7 62. Nxc3 Rf1 63. Ne2 Rxe1 64. Rg6 Rxe2+ 65. Kxf5 Rf2+ 66. Ke6 Re2+ 67. Kf6 Rf2+ 68. Kg7 Rxa2 69. h7 g1=Q 70. Rxg1 Rh2 1-0

[Event "*** Titled Tuesday Blitz"]
[Site "Chess.com"]
[Date "2020.04.14"]
[Round "8"]
[White "KazakhFighter04"]
[Black "Gennady_Kozlov"]
[Result "1/2-1/2"]
[WhiteElo "2717"]
[BlackElo "2589"]
[TimeControl "180+1"]
[EndTime "11:31:14 PDT"]
[Termination "Game drawn by agreement"]

1. d4 e6 2. c4 b6 3. Nc3 Bb7 4. e4 Bb4 5. Bd3 f6 6. Ne2 f5 7. O-O fxe4 8. Nxe4 Nf6 9. N2g3 O-O 10. Bg5 Be7 11. Bxf6 Bxf6 12. d5 exd5 13. cxd5 d6 14. Nxf6+ Qxf6 15. Ne4 Qe5 16. Rc1 Bxd5 17. Re1 Qd4 18.
Rxc7 Nc6 19. Bb1 Bxe4 20. Bxe4 Qxf2+ 21. Kh1 Rae8 22. Rg1 Nd4 23. Bd5+ Kh8 24. Bc4 Ne2 25. Bxe2 Rxe2 26. h3 Re6 27. Qd5 Rg6 28. Rxa7 h6 29.
Ra3 Rg5 30. Qxd6 Re8 31. Rf3 Qxb2 32. Rf8+ Rxf8 33. Qxf8+ Kh7 34. Qf7 b5 35. Qb3 Qe2 36. Qb1+ Kh8 37. Qb3 h5 38. Qb1 h4 39. Qc1 Rg6 40.
Qc8+ Kh7 41. a3 Qe3 42. Qf5 Kh6 43. Qxb5 Rg3 44. Qc6+ g6 45. Qc2 Qxa3 46. Qf2 Qd3 47. Re1 Qd5 48. Kg1 Qg5 49. Re4 Rxh3 50. Qf4 Qxf4 51. Rxf4 Ra3 52. Rxh4+ Kg5 53. Rh3 Ra2 54. Kh2 Kg4 55. Rf3 g5 56. Rg3+ Kf4 57. Rh3 g4 58.
Rh8 Ra1 59. Rf8+ Kg5 60. Kg3 Ra3+ 61. Kh2 g3+ 62. Kh3 Rb3 63. Rg8+ Kf4 64. Rg4+ Kf5 65.
Rxg3 Rxg3+ 66. Kxg3 Kg5 67. Kf3 Kf5 68. Ke2 Kg5 69. Kf1 Kg4 70. Kf2 Kf4 1/2-1/2

[Event "*** Titled Tuesday Blitz"]
[Site "Chess.com"]
[Date "2020.04.14"]
[Round "8"]
[White "dragos420"]
[Black "LionTheLeon_06"]
[Result "0-1"]
[WhiteElo "2505"]
[BlackElo "2669"]
[TimeControl "180+1"]
[EndTime "11:31:14 PDT"]
[Termination "LionTheLeon_06 won by resignation"]

1. e4 c5 2. Nf3 d6 3. d4 cxd4 4. Nxd4 Nf6 5. Nc3 a6 6. Be3 e5 7. Nb3 Be6 8. f4 exf4 9. Bxf4 Nc6 10. Qd2 d5 11. O-O-O dxe4 12. Qe3 Qc8 13. Nxe4 Nxe4 14. Qxe4 Be7 15. Bd3 Nb4 16. Kb1 Nxd3 17. Qxd3 O-O 18.
Nd4 Rd8 19. Qe4 Qc4 20. b3 Qb4 21. Rhe1 Bf6 22. Be5 Bxe5 23. Qxe5 Rd5 24. Qe3 Rad8 25. c3 Qa3 26. Rc1 Bc8 27. Qe8+ Rxe8 28. Rxe8+ Qf8 29.
Rxf8+ Kxf8 30. Re1 g5 31. g3 f6 32. Kc2 Kf7 33. Kd3 h5 34. a4 Rd8 35. a5 Rh8 36. b4 h4 37. Re3 h3 38. Kc4 Rd8 39. Kc5 f5 40. Kb6 Kf6 41. Kc7 Rg8 42. c4 f4 43.
gxf4 g4 44. Rg3 Bf5 45. Kxb7 Bd3 46. c5 Rg7+ 47. Kb6 Rd7 48. Nc6 Bf5 49. Ne5 Rd4 50. c6 Rxb4+ 51. Kxa6 Rxf4 52. c7 Kxe5 53. Kb6 Rf2 54.
a6 Rb2+ 55. Ka7 Rxh2 56. Re3+ Kf4 57. Rc3 Rb2 58. Rc5 Be6 59. c8=Q Bxc8 60. Rxc8 h2 61. Rc7 g3 62. Rb7 Ra2 63. Kb8 h1=Q 64. a7 Qh8+ 65. Kc7 Qg7+ 66. Kb8 Qxb7+ 67. Kxb7 Rxa7+ 68. Kxa7 g2 69. Kb6 g1=Q+ 70. Kc7 Qg3 71. Kd7 Qe3 0-1

[Event "*** Titled Tuesday Blitz"]
[Site "Chess.com"]
[Date "2020.04.14"]
[Round "8"]
[White "Spalir"]
[Black "LimeInTheCoconut"]
[Result "0-1"]
[WhiteElo "2577"]
[BlackElo "2362"]
[TimeControl "180+1"]
[EndTime "11:31:15 PDT"]
[Termination "LimeInTheCoconut won by resignation"]

1. d4 Nf6 2. c4 e6 3. Nf3 b6 4. a3 Bb7 5. Nc3 d5 6. Qc2 Bd6 7. Bg5 O-O 8. cxd5 exd5 9. g3 a6 10. Bg2 Nbd7 11. O-O h6 12. Bf4 Bxf4 13. gxf4 c5 14.
dxc5 bxc5 15. Rfd1 Re8 16. Rac1 Qc7 17. e3 Rac8 18.
Ne2 Qb6 19. Ng3 a5 20. Nf5 d4 21. exd4 Be4 22. dxc5 Rxc5 23. Qd2 Bxf5 24. Nd4 Be4 25. Bh3 Rxc1 26. Rxc1 Nf8 27. b4 Rd8 28. Rd1 axb4 29. axb4 Bf3 30. Nxf3 Rxd2 31. Rxd2 Qxb4 32. Rd4 Qb1+ 33.
Kg2 g6 34. Bc8 Kg7 35. Bh3 h5 36. Ng5 Qb2 37. Rd3 Ng4 38. Bxg4 hxg4 39. Rd7 Qb3 40. Ra7 Nh7 41. Nxh7 Kxh7 42. Kg1 Qb1+ 43. Kg2 Qe4+ 44. Kg1 Kg7 45. Ra3 Qxf4 46. Rg3 f5 47. Kg2 Qe4+ 48. Kg1 Qe1+ 49. Kg2 Kf6 50. Ra3 Kg5 51. Rb3 Qe4+ 52. Kg1 Qe1+ 53. Kg2 Qe6 54. Re3 Qd5+ 55. Kg1 f4 56. Ra3 Qd1+ 57. Kg2 f3+ 58. Rxf3 Qg1+ 59. Kxg1 gxf3 60. h3 Kh4 61. Kh2 g5 62. Kg1 Kxh3 63.
Kh1 g4 64. Kg1 g3 65. Kh1 Kg4 66. Kg1 Kf4 67. Kf1 g2+ 68. Kg1 Ke4 69. Kh2 Kd3 70. Kg3 Ke2 71. Kf4 g1=Q 72. Ke5 Qxf2 73. Kd5 Qe1 74.
Ke4 f2 75. Kf4 f1=Q+ 0-1

[Event "*** Titled Tuesday Blitz"]
[Site "Chess.com"]
[Date "2020.04.14"]
[Round "8"]
[White "rozabaku"]
[Black "Trickov"]
[Result "0-1"]
[WhiteElo "2426"]
[BlackElo "2286"]
[TimeControl "180+1"]
[EndTime "11:31:15 PDT"]
[Termination "Trickov won by checkmate"]

1. d4 d5 2. c4 c6 3. Nc3 Nf6 4. Bg5 Ne4 5. Nxe4 dxe4 6. Qd2 h6 7.
Bh4 g5 8. Bg3 Bg7 9. e3 f5 10.
h4 Nd7 11. Be2 Nf6 12. Nh3 g4 13. Nf4 O-O 14. h5 Re8 15. O-O e5 16. Ng6 exd4 17. exd4 Nxh5 18. Be5 Bxe5 19. Nxe5 Kg7 20. Qc3 Nf4 21.
Rfe1 Ng6 22. Nxg6 Kxg6 23. Rad1 Qf6 24. Qg3 Be6 25. d5 cxd5 26. cxd5 Bf7 27. f3 exf3 28. gxf3 h5 29. fxg4 hxg4 30. Bd3 Rxe1+ 31. Rxe1 Qd4+ 32. Kf1 Kg5 33. Re5 Bg6 34. Be2 Qf4+ 35. Qxf4+ Kxf4 36. Re7 Rd8 37. Bc4 Rc8 38. b3 b5 39. Bxb5 Rc1+ 40. Re1 Rxe1+ 41. Kxe1 Ke5 42. Bc4 f4 43. Kf2 Be4 44.
Be2 g3+ 45. Kf1 Bxd5 46. Bd1 a5 47. a3 Kd4 48. b4 axb4 49. axb4 Ke3 50. b5 f3 51. Bxf3 Kxf3 52. b6 Bb7 53. Kg1 Bc8 54. Kf1 Ba6+ 55. Kg1 Bb7 56. Kf1 Ke3 57. Kg1 Kf3 58.
Kf1 Kg4 59. Kg1 Kh3 60. Kf1 Kh2 61. Ke2 g2 62. Ke3 g1=Q+ 63. Kf4 Qxb6 64. Ke5 Qc5+ 65. Kf6 Ba6 66. Ke6 Bc4+ 67. Kd7 Qd5+ 68. Kc7 Qe6 69. Kb7 Bd5+ 70. Kc7 Qc6+ 71. Kd8 Qb7 72. Ke8 Qc7 73. Kf8 Qf7# 0-1

[Event "*** Titled Tuesday Blitz"]
[Site "Chess.com"]
[Date "2020.04.14"]
[Round "8"]
[White "Andrii_Prydun"]
[Black "Haykoooo0o"]
[Result "0-1"]
[WhiteElo "2345"]
[BlackElo "2587"]
[TimeControl "180+1"]
[EndTime "11:31:18 PDT"]
[Termination "Haykoooo0o won by resignation"]

1. d4 Nf6 2. Nf3 d5 3. c4 e6 4. g3 Be7 5. Bg2 O-O 6. O-O dxc4 7. Qc2 b6 8. Nbd2 Bb7 9. Nxc4 Nbd7 10. Bf4 c5 11. Rad1 cxd4 12. Nxd4 Bxg2 13. Kxg2 Qc8 14.
Rc1 Qb7+ 15. Kg1 Rac8 16. Qd3 Nc5 17. Qf3 Qxf3 18. Nxf3 Rfd8 19. Rfd1 Nd5 20. Be5 f6 21. Bd4 Kf7 22. Bxc5 Bxc5 23. Kf1 Ke7 24. e3 Nb4 25. Rxd8 Rxd8 26. a3 Nd3 27. Rd1 b5 28. Na5 Ke8 29.
Nb7 Rd7 30. Rxd3 Rxb7 31. Rc3 Bd6 32. Nd4 Kd7 33. Rb3 a6 34. a4 b4 35. Rd3 Rc7 36. Ke2 Rc1 37. Rd1 Rxd1 38. Kxd1 Be5 39. Nc2 a5 40. b3 Kd6 41. Ke2 Kd5 42. Kd3 Bc3 43. e4+ Kc5 44. f3 Be5 45. Ne3 Bc7 46. Nc4 g6 47.
Ne3 h5 48. Ng2 g5 49. Ne3 Be5 50. Nc4 Bc7 51. e5 f5 52. h3 Kd5 53. f4 gxf4 54.
gxf4 Bd8 55. Ke3 Kc5 56. Kd3 Kd5 57. Ne3+ Kc5 58. Nc4 Bc7 59. Ke3 Kc6 60. Nd2 Bb6+ 61.
Kd3 Ba7 62. Nf3 Bf2 63. Ng5 Kd5 64. Nh7 Bh4 65. Nf6+ Bxf6 66. exf6 Kd6 67. Kd4 Kd7 68. Ke5 h4 69. Kd4 Ke8 70. Kc5 Kf7 71. Kb5 Kxf6 72. Kxa5 e5 73. fxe5+ Kxe5 74. Kxb4 f4 75. Kc3 Ke4 76.
Kd2 Kf3 77. Ke1 Kg2 78. a5 f3 79. a6 f2+ 80. Kd2 f1=Q 0-1

[Event "*** Titled Tuesday Blitz"]
[Site "Chess.com"]
[Date "2020.04.14"]
[Round "8"]
[White "HanSchut"]
[Black "ChessFunMaker"]
[Result "1-0"]
[WhiteElo "2232"]
[BlackElo "2358"]
[TimeControl "180+1"]
[EndTime "11:31:18 PDT"]
[Termination "HanSchut won by checkmate"]

1. e4 e5 2. Nf3 Nc6 3. Bc4 Bc5 4. b4 Bxb4 5. c3 Ba5 6. d4 b5 7. Bxb5 Nxd4 8. Nxd4 exd4 9. Bc4 dxc3 10. Bxf7+ Kxf7 11. Qd5+ Kf8 12. Qxa5 c2 13. Nd2 Qf6 14. e5 Qc6 15.
O-O Ne7 16. Ba3 Kf7 17. Nf3 Re8 18. e6+ Kg8 19. Qh5 Ng6 20. Ng5 Qxg2+ 21. Kxg2 Nf4+ 22. Kf3 Nxh5 23. e7 d6 24. Rfe1 h6 25. Ne4 Kf7 26. Ng3 Bb7+ 27. Kg4 Nf6+ 28. Kh3 Rxe7 29. Rxe7+ Kxe7 30. Rc1 Ne4 31. Rxc2 Ng5+ 32. Kg4 Bf3+ 33. Kh4 c5 34. Nf5+ Kd7 35. Nxg7 Rg8 36. Nh5 Bxh5 37. Kxh5 Nf7 38. h4 Re8 39. Rd2 Re5+ 40. Kg4 Ke6 41. f4 h5+ 42. Kf3 Rf5 43. Re2+ Kf6 44. Bb2+ Ne5+ 45. Kg3 Ke6 46. fxe5 dxe5 47. Rf2 Rxf2 48. Kxf2 Kf5 49. Ke3 Kg4 50. Bxe5 Kxh4 51. Kd3 Kg4 52.
Kc4 Kf5 53. Bb8 a6 54. Kxc5 Ke6 55. Kb6 Kd7 56. Kxa6 Kc8 57. Ka7 h4 58. a4 h3 59. a5 Kd7 60. Bh2 Kc8 61. Bg3 Kd7 62. Kb7 h2 63. Bxh2 Ke6 64. a6 Kd5 65. a7 Ke6 66.
a8=Q Kf5 67. Qa4 Ke6 68. Bc7 Kf7 69. Qf4+ Kg6 70. Kc6 Kh7 71. Bd8 Kg6 72. Kd7 Kh7 73.
Qg3 Kh6 74. Ke6 Kh5 75. Kf5 Kh6 76. Qg6# 1-0

[Event "*** Titled Tuesday Blitz"]
[Site "Chess.com"]
[Date "2020.04.14"]
[Round "8"]
[White "Riptide27"]
[Black "anushanlv"]
[Result "0-1"]
[WhiteElo "2469"]
[BlackElo "2207"]
[TimeControl "180+1"]
[EndTime "11:31:19 PDT"]
[Termination "anushanlv won on time"]

1. c4 c6 2. e4 d5 3. exd5 cxd5 4.
cxd5 Nf6 5. Qa4+ Bd7 6. Qb3 Na6 7. d4 Qb6 8. Bxa6 bxa6 9. Nc3 g6 10. Nf3 Bg7 11. Be3 O-O 12. O-O Rfd8 13. Rfe1 Qxb3 14. axb3 Bb5 15. Bg5 Nxd5 16. Nxd5 Rxd5 17. Bxe7 Bf8 18. Bxf8 Kxf8 19. Rac1 Rad8 20. Rc7 R8d7 21. Rc8+ Kg7 22. h3 Rb7 23. Re3 Bd7 24. Rcc3 Be6 25. Kf1 a5 26. Ke1 a4 27. Kd1 Rdb5 28. Nd2 axb3 29.
Ke2 a5 30. Nc4 Bxc4+ 31. Rxc4 Rb4 32. Kd3 a4 33. Kc3 Rxc4+ 34. Kxc4 a3 35. Re1 a2 36. d5 Re7 37. Ra1 Rb7 38. d6 Kf8 39. Re1 Ra7 40. d7 Rxd7 41. Kxb3 Rd2 42. Rf1 Rxf2 43. Ra1 Rxg2 44.
Rxa2 Rg3+ 45. Kc4 Rxh3 46. b4 Rh4+ 47. Kc5 Rh1 48. b5 Rb1 49. Kc6 h5 50. b6 Kg7 51.
b7 h4 52. Ra5 Rxb7 53. Kxb7 f5 54. Kc6 Kf6 55. Kd5 Kg5 56. Kd4 Kf4 57. Kd3 Kf3 58. Kd2 h3 59. Ra8 g5 60. Rh8 g4 61.
Ke1 Kg2 0-1

[Event "*** Titled Tuesday Blitz"]
[Site "Chess.com"]
[Date "2020.04.14"]
[Round "8"]
[White "ambaixador"]
[Black "Biranidun"]
[Result "1-0"]
[WhiteElo "2397"]
[BlackElo "2635"]
[TimeControl "180+1"]
[EndTime "11:31:19 PDT"]
[Termination "ambaixador won on time"]

1. Nf3 Nf6 2. c4 g6 3. g3 Bg7 4.
Bg2 O-O 5. O-O d6 6. d4 Nbd7 7. Nc3 e5 8. e4 c6 9. h3 Qb6 10. Re1 exd4 11. Nxd4 Re8 12. Nc2 a5 13. Rb1 a4 14. Qxd6 Ne5 15. Be3 Qa5 16. c5 Bf8 17. Qxf6 Bg7 18. Qd6 Rd8 19. Qe7 Be6 20. Rbd1 Nd3 21.
Rf1 Rd7 22. Qh4 Rad8 23. Bh6 Bh8 24. Bg5 Re8 25. Ne3 Nxb2 26. Rxd7 Bxd7 27. Ne2 Qxc5 28.
Bf6 Bxf6 29. Qxf6 Nd3 30. Nf4 Nxf4 31. gxf4 Be6 32. f5 Bxa2 33. Ng4 Qf8 34. e5 Ra8 35. Qg5 a3 36. Nf6+ Kh8 37. Qh4 Qg7 38. Ra1 Bb3 39.
Qb4 Bc2 40. fxg6 a2 41. Qxb7 Rd8 42. Qxc6 Qxg6 43. Kh2 Bb1 44. Qc7 Rf8 45. Qe7 Rb8 46. Ng4 h5 47. Qf6+ Kh7 48. Qxg6+ Kxg6 49. Ne3 Rb5 50. f4 h4 51. f5+ Kg5 52. e6 fxe6 53. fxe6 Re5 54. Nc4 Rxe6 55. Nd2 Re1 56. Nf3+ Kf4 57.
Nxe1 Ke3 58. Bf1 Kd2 59. Nf3+ Kc3 60. Nxh4 Kb2 61. Rxa2+ Kxa2 62. Kg3 Kb2 63. Kf4 Kc3 64. Nf5 1-0

[Event "*** Titled Tuesday Blitz"]
[Site "Chess.com"]
[Date "2020.04.14"]
[Round "8"]
[White "Alkhoori90"]
[Black "JLRHei"]
[Result "1-0"]
[WhiteElo "2095"]
[BlackElo "2360"]
[TimeControl "180+1"]
[EndTime "11:31:19 PDT"]
[Termination "Alkhoori90 won on time"]

1. e4 g6 2. Nc3 Bg7 3. Bc4 d6 4.
d3 a6 5. Bb3 e6 6. f4 Ne7 7. Nf3 c5 8. O-O Nbc6 9. Kh1 O-O 10. Qe1 Nd4 11. Qh4 Nec6 12. Qg3 Nxf3 13. Rxf3 Nd4 14.
Rf1 b5 15. f5 exf5 16. Bg5 Qd7 17. Nd5 Nxb3 18. axb3 Qe6 19. Nc7 Qd7 20. Nxa8 Qb7 21. Qxd6 Qxa8 22. e5 Bb7 23. Rf2 Re8 24. Bf6 Bf8 25. Qb6 Qc8 26. b4 cxb4 27. Qe3 Qc6 28. Qf4 Rc8 29. Re1 Qe6 30. d4 Bd5 31. Re3 Re8 32. Rh3 b3 33. c3 a5 34. Qh4 h5 35.
Qg5 Bh6 36. Qxh6 Qxf6 37. Rxh5 Qg7 38. Qxg7+ Kxg7 39. Rh3 a4 40. Re3 b4 41. cxb4 Rb8 42.
Rd2 Rxb4 43. h3 Rc4 44. Re1 Rc2 45. Rxc2 bxc2 46. Kg1 Kh6 47. Kf2 Kg5 48. g3 Bb3 49. Ke3 Kh6 50. Kd2 g5 51. Kc3 f4 52. gxf4 gxf4 53.
Kb4 f3 54. Kc5 f2 55. Rf1 Kg6 56. d5 Kf5 57. Kd4 Kg6 58. d6 Be6 59. Ke3 Kf5 60.
Rxf2+ Kxe5 61. Rxc2 Kxd6 62. Kd4 Bxh3 63. Rc4 Bd7 64.
Rb4 f6 65. Rb6+ Ke7 66. Ra6 f5 67. Ke5 1-0

[Event "*** Titled Tuesday Blitz"]
[Site "Chess.com"]
[Date "2020.04.14"]
[Round "8"]
[White "Bacyanide"]
[Black "Alliswell998"]
[Result "1-0"]
[WhiteElo "2346"]
[BlackElo "2531"]
[TimeControl "180+1"]
[EndTime "11:31:21 PDT"]
[Termination "Bacyanide won by checkmate"]

1. d4 Nf6 2. c4 c5 3. d5 b5 4. Qc2 g6 5. e4 d6 6. cxb5 Bg7 7. Nf3 a6 8. bxa6 O-O 9. Bc4 Bxa6 10. Nbd2 Qa5 11.
O-O Nbd7 12. Bxa6 Qxa6 13. Nc4 Rfb8 14. Bd2 Nb6 15. Nxb6 Rxb6 16. Bc3 Qa4 17. Qxa4 Rxa4 18. b3 Rxe4 19. Nd2 Re2 20. Rfd1 Rb8 21. Kf1 Rxd2 22. Bxd2 Nxd5 23. Rab1 Bd4 24. a4 e5 25. a5 Ra8 26.
Rdc1 Kg7 27. Rc4 f5 28. Ra4 Ra6 29. b4 cxb4 30. Bxb4 Kf6 31. Bd2 Bc3 32. Rd1 Ke6 33.
Be1 Bd4 34. Rc1 Bc5 35. Rb1 g5 36. Rb7 Nf6 37. Bd2 h6 38. Be3 Ne4 39. Ra1 Kd5 40. Bxc5 Nxc5 41. Rh7 Nb3 42. Ra3 Nxa5 43. Rxh6 Kc5 44.
Rf6 f4 45. Rg6 Kb4 46. Ra1 Rc6 47. Rxg5 Nb3 48. Rd1 Nd4 49. h4 Rc7 50. h5 Rh7 51. Rc1 Rh6 52. Rc8 e4 53. Rd5 Nb3 54. Rd8 e3 55.
R8xd6 Nd2+ 56. Ke2 Rh8 57. fxe3 fxe3 58. Kxe3 Nc4+ 59.
Kf4 Nxd6 60. Rxd6 Rxh5 61. g4 Rh1 62. g5 Kc5 63. Rd2 Rg1 64. Kf5 Kc4 65. g6 Kc3 66.
Rd7 Kc4 67. Kf6 Rf1+ 68. Ke7 Rg1 69. Kf7 Rf1+ 70. Kg8 Kc5 71. g7 Kc6 72. Rf7 Rh1 73. Kf8 Rc1 74. g8=Q Rd1 75. Qg6+ Rd6 76. Rf6 Kd7 77.
Rxd6+ Kc8 78. Qf7 Kb8 79. Rd8# 1-0

[Event "*** Titled Tuesday Blitz"]
[Site "Chess.com"]
[Date "2020.04.14"]
[Round "8"]
[White "kuli4ik"]
[Black "chessdjw"]
[Result "1-0"]
[WhiteElo "2792"]
[BlackElo "2618"]
[TimeControl "180+1"]
[EndTime "11:31:22 PDT"]
[Termination "kuli4ik won by resignation"]

1. d4 Nf6 2. Bg5 d5 3. Bxf6 gxf6 4. e3 c5 5. c3 e5 6. Nf3 Nc6 7. Be2 Be6 8. O-O Qb6 9. Qb3 Be7 10. Nbd2 O-O 11. Rfd1 Rfc8 12. Nf1 e4 13. Ne1 c4 14. Qc2 Qc7 15. f3 f5 16. fxe4 fxe4 17. Bh5 f5 18. g3 Bg5 19. Ng2 Bf7 20. Bxf7+ Qxf7 21. Nf4 Bxf4 22. exf4 b5 23. a3 a5 24. Ne3 Kh8 25. Qg2 Ne7 26. Qh3 Rg8 27. Kh1 Ra6 28. Rg1 Rag6 29.
Qf1 Rh6 30. Qf2 Qh5 31. Rg2 Rb6 32. Rag1 Rbg6 33. h3 Qxh3+ 34. Rh2 Rxg3 35. Rxh3 Rxh3+ 36. Qh2 Rxh2+ 37. Kxh2 Rxg1 38. Kxg1 Kg7 39. Kg2 Kf6 40. Kg3 h6 41. Kh3 Ke6 42. Kg3 Ng6 43. Ng2 Kd6 44. Ne3 Kc6 45. Nxf5 b4 46. axb4 axb4 47. Nxh6 bxc3 48.
bxc3 Kb5 49. f5 Nf8 50. Ng4 Kc6 51. Kf4 Kd6 52. Ne3 Nh7 53. Ng4 Nf8 54. Kg5 Nd7 55.
Kg6 Ke7 56. Kg7 Kd6 57. f6 Ke6 58. f7 Kf5 59. Ne3+ Kf4 60. Nxd5+ Kf3 61. Nf6 e3 62. Nxd7 e2 63. f8=Q+ Ke3 64. Qe7+ Kd2 65. Nb6 e1=Q 66.
Nxc4+ Kxc3 67. Qxe1+ Kxc4 68. Qe3 Kd5 69. Kf6 Kc4 70.
Qe4 Kb4 71. Qd5 Kc3 72. Qc5+ Kd3 73. d5 Ke4 74. d6 Kf4 75. d7 Kg4 76. d8=Q 1-0

[Event "*** Titled Tuesday Blitz"]
[Site "Chess.com"]
[Date "2020.04.14"]
[Round "8"]
[White "Kirill_Klukin"]
[Black "dey2580"]
[Result "1-0"]
[WhiteElo "2696"]
[BlackElo "2459"]
[TimeControl "180+1"]
[EndTime "11:31:24 PDT"]
[Termination "Kirill_Klukin won by resignation"]

1. d4 Nf6 2. Nf3 e6 3. g3 c5 4. c3 Nc6 5. Bg2 d5 6. O-O Be7 7. Bf4 O-O 8. dxc5 Bxc5 9. b4 Bd6 10. Bxd6 Qxd6 11. a3 e5 12. Nfd2 Rd8 13. Qc1 Bf5 14. c4 Nd4 15. Nc3 dxc4 16. Nxc4 Qe6 17. Ne3 Rac8 18.
Re1 Nb3 19. Qb2 Nxa1 20. Qxa1 b6 21. Nb5 Be4 22. Nxa7 Bxg2 23. Nxg2 Ra8 24. Nb5 Qc4 25. Nc3 Rdc8 26. Nd1 Qxb4 27. Qxe5 Rxa3 28. Nde3 Re8 29. Qg5 h6 30. Qf5 Qe4 31. Qb5 Qe6 32. Nf4 Qb3 33.
Qc6 Qc3 34. Rc1 Qxc6 35. Rxc6 b5 36. Rb6 Rb3 37. Nd3 Ne4 38. Nd5 Rd8 39. Ne7+ Kf8 40.
Nc6 Rc8 41. Nd4 Rb1+ 42. Kg2 Nc3 43. Rb7 Rd1 44. Nxb5 Rb1 45. Rc7 Rxc7 46. Nxc7 Nxe2 47. Nd5 Nd4 48. N5f4 Rd1 49. Nc5 g5 50. Nfd3 Rd2 51. h3 h5 52. Ne5 Kg7 53. g4 hxg4 54. hxg4 Re2 55. Nf3 f6 56. Nxd4 Re5 57. Nf5+ Kg6 58. Nd3 Re4 59. f3 Re2+ 60. Nf2 Rd2 61. Kg3 Re2 62.
Ne4 Rc2 63. Ne7+ Kf7 64. Nd5 Rc6 65. Kf2 Re6 66. Ke3 Kg6 67. Nxf6 Re5 68. Nd7 Rb5 69. Ndc5 Rb4 70. Nd3 Ra4 71. Kf2 Ra5 72. Kg3 Rd5 73.
Ndf2 Re5 74. Nh3 Rd5 75. Nhxg5 Rd3 76. Nh3 Rd8 77. Nf4+ 1-0

[Event "*** Titled Tuesday Blitz"]
[Site "Chess.com"]
[Date "2020.04.14"]
[Round "8"]
[White "queen_iryna"]
[Black "Nafania1"]
[Result "1-0"]
[WhiteElo "2227"]
[BlackElo "2357"]
[TimeControl "180+1"]
[EndTime "11:31:33 PDT"]
[Termination "queen_iryna won by resignation"]

1. d4 Nf6 2. Bg5 c5 3. Bxf6 gxf6 4. d5 Qb6 5. Qc1 Bg7 6. c4 f5 7. Nc3 d6 8. e3 Nd7 9. Nf3 Ne5 10. Nxe5 dxe5 11.
Be2 Bd7 12. O-O Qg6 13. Nb5 O-O 14. Qc2 a6 15. Nc3 f4 16. Qxg6 hxg6 17. e4 Rfb8 18. a4 f5 19. Bd3 Kf7 20. f3 Rh8 21. h3 Rh5 22. Ra3 Rah8 23. Kf2 Bf6 24. Rfa1 Bh4+ 25. Ke2 Rg5 26. Kf1 Bg3 27. Rb3 Bc8 28. a5 Rgh5 29.
Rb6 R8h6 30. Ne2 fxe4 31. Bxe4 g5 32. Rxh6 Rxh6 33. Nxg3 fxg3 34. Ra3 b6 35. Rb3 bxa5 36. Rb8 Bd7 37. Rb7 Be8 38. Bc2 Rd6 39. b3 Kf6 40.
Rc7 Bd7 41. Rxc5 Rb6 42. Rxa5 Bf5 43. Bxf5 Kxf5 44. Ra3 Kf4 45. Ke2 a5 46. Kd3 Rb4 47. Kc3 e4 48. fxe4 Kxe4 49. Rxa5 Rb8 50. Ra7 Ke3 51.
Rxe7+ Kf2 52. Rg7 Kxg2 53. Rxg5 Kxh3 54. c5 g2 55. b4 Rf8 56. Rxg2 Kxg2 57. Kc4 Kf3 58.
d6 Ke4 59. b5 Rf1 60. b6 Rb1 61. d7 Rd1 62. c6 Rc1+ 63. Kb5 Rb1+ 64. Ka6 Ra1+ 65. Kb7 Rd1 66. Kc7 Ke5 67. d8=Q Rxd8 68. Kxd8 Kd6 69. c7 Kc6 70. c8=Q+ Kxb6 71. Qc7+ Ka6 72.
Qb8 Ka5 73. Kc7 Ka4 74. Kc6 Ka5 75. Kc5 Ka6 76. Kc6 Ka5 77. Qb6+ Ka4 78. Kc5 1-0

[Event "*** Titled Tuesday Blitz"]
[Site "Chess.com"]
[Date "2020.04.14"]
[Round "8"]
[White "Mischuk_D"]
[Black "SmirnovTimofey2000"]
[Result "1-0"]
[WhiteElo "2707"]
[BlackElo "2567"]
[TimeControl "180+1"]
[EndTime "11:31:39 PDT"]
[Termination "Mischuk_D won by resignation"]

1. e4 e5 2. Nf3 Nc6 3. Bb5 a6 4. Ba4 Nf6 5. O-O Be7 6. d3 b5 7. Bb3 O-O 8. a3 Bb7 9. Nc3 d6 10. h3 Na5 11. Ba2 c5 12. Bg5 b4 13. axb4 cxb4 14.
Bxf6 Bxf6 15. Nd5 b3 16. Nxf6+ Qxf6 17. Bxb3 Nxb3 18. cxb3 d5 19. Nd2 Rfd8 20. Qe2 Qd6 21. Rfd1 Rac8 22. Nf3 f6 23. Qe3 Qb4 24. exd5 Bxd5 25.
Rxa6 Qxb3 26. Rd2 Qb7 27. Ra7 Qb8 28. Ra1 Rc7 29. Nh4 Rb7 30. d4 Rxb2 31. Rad1 Rxd2 32. Rxd2 e4 33. Nf5 Qc7 34. Rd1 Re8 35. Rc1 Qd7 36.
Qf4 g6 37. Ne3 Re7 38. Qb8+ Kg7 39. Rc8 Bf7 40. d5 Bxd5 41. Nxd5 Qxd5 42. Kh2 Qe5+ 43. Qxe5 Rxe5 44. Rc3 Kf7 45. g4 Re7 46. Kg3 Ke6 47.
Kf4 Kd5 48. Ra3 Kd6 49. Ra6+ Kd5 50. Rxf6 Kd4 51. Rf8 Kd3 52. Ra8 Ke2 53. Ra2+ Kf1 54. Kg3 Ke1 55. g5 e3 56. fxe3 Rxe3+ 57. Kg4 Re4+ 58. Kf3 Re5 59. Kf4 Rf5+ 60. Kg4 Rf7 61. h4 Kf1 62. h5 Rg7 63. h6 Rf7 64. Ra8 Re7 65. Rg8 Ra7 66. Rg7 Ra4+ 67. Kf3 Ra3+ 68. Ke4 Ra5 69. Kf4 Rf5+ 70. Kg4 Ra5 71. Rxh7 Ra4+ 72.
Kf3 Ra3+ 73. Kf4 Kg2 74. Rg7 Ra6 75. h7 Ra4+ 76. Ke5 Rh4 77. Kf6 1-0

[Event "*** Titled Tuesday Blitz"]
[Site "Chess.com"]
[Date "2020.04.14"]
[Round "8"]
[White "FCChelsea14"]
[Black "biesiadnik"]
[Result "1-0"]
[WhiteElo "2803"]
[BlackElo "2595"]
[TimeControl "180+1"]
[EndTime "11:31:40 PDT"]
[Termination "FCChelsea14 won by resignation"]

1. d4 d5 2. Nf3 Nf6 3. c4 e6 4. g3 Be7 5. Bg2 O-O 6. O-O dxc4 7. Qc2 a6 8. a4 Bd7 9. Rd1 Bc6 10. Bg5 a5 11. Nbd2 Na6 12. Nxc4 Nb4 13. Qb3 Bd5 14. Nfe5 h6 15. Bxf6 Bxf6 16. Qc3 Bxg2 17.
Kxg2 c6 18. e4 Qc7 19. Rd2 Rfd8 20. Rad1 Rac8 21. Ng4 Be7 22. Nge3 Bf6 23. Ng4 Be7 24. h4 Bf8 25. Qf3 Qe7 26. Nxa5 Ra8 27. Nb3 Rxa4 28. Nc5 Raa8 29. Ne5 Na6 30. Nb3 g6 31. h5 g5 32.
Ng4 Bg7 33. e5 Nb4 34. Nc5 Nd5 35. Ne4 Ra4 36. Nd6 Rxd6 37. exd6 Qxd6 38. Ne3 Qb4 39.
Nxd5 cxd5 40. Rc2 Ra8 41. Qc3 Qxc3 42. bxc3 Rc8 43. Kf3 Rc4 44. Ke3 b5 45. Rb1 Bxd4+ 46. Kd3 Bf6 47. Rxb5 Kg7 48. Rb4 Rc6 49. c4 dxc4+ 50.
Rbxc4 Rd6+ 51. Ke2 Rd5 52. Rc7 Be5 53. Rb7 Bd4 54.
Kf3 Rf5+ 55. Kg2 g4 56. Rb4 e5 57. Re2 Rxh5 58. Re4 Rg5 59. Rb7 h5 60. f3 gxf3+ 61. Kxf3 Rf5+ 62. Kg2 Kg6 63. Rc7 Rf2+ 64. Kh3 Rd2 65.
Rc6+ Kg5 66. Rc8 f5 67. Re1 Rd3 68. Kg2 Rd2+ 69. Kh3 Rd3 70. Rg8+ Kf6 71. Kg2 Rd2+ 72. Kh3 Rd3 73. Rf1 f4 74. Kg2 Rd2+ 75. Kh3 Rd3 76.
Kh4 Kf7 77. Rg5 f3 78. Rf5+ Kg6 79. R5xf3 Rxf3 80. Rxf3 Bc3 81. Rxc3 1-0

[Event "*** Titled Tuesday Blitz"]
[Site "Chess.com"]
[Date "2020.04.14"]
[Round "8"]
[White "cassoulet"]
[Black "korbul"]
[Result "1-0"]
[WhiteElo "2717"]
[BlackElo "2520"]
[TimeControl "180+1"]
[EndTime "11:31:40 PDT"]
[Termination "cassoulet won on time"]

1. e4 c5 2. Nf3 e6 3. d4 cxd4 4. Nxd4 Nf6 5. Nc3 d6 6. Bd3 a6 7.
O-O b5 8. a3 Bb7 9. f4 Nbd7 10.
Qe1 Qc7 11. Kh1 Be7 12. Qg3 h5 13. f5 e5 14. Nf3 Nc5 15. Ng5 h4 16. Qe1 h3 17. Nxh3 d5 18. Bg5 Nfxe4 19. Bxe7 Qxe7 20. Nxe4 dxe4 21. Be2 O-O-O 22. b4 Na4 23. c4 bxc4 24.
Bxc4 Rxh3 25. gxh3 e3+ 26. Kg1 Rd2 27. Qg3 Rg2+ 28. Qxg2 Bxg2 29. Kxg2 Qb7+ 30. Kg3 Qe4 31. Rac1 Kb7 32. Be2 Kb6 33. f6 Qg6+ 34. Kf3 gxf6 35.
Kxe3 f5 36. Rfd1 Qg5+ 37. Kf2 Qf4+ 38. Ke1 e4 39. Rc8 Qxh2 40. Rd7 Qg3+ 41. Kd2 Qf4+ 42. Kd1 Nb2+ 43. Kc2 Nd3 44. Bxd3 Qf2+ 45. Kb3 exd3 46. Rxd3 f4 47. Rcc3 Qe2 48. Rf3 Qe4 49. a4 a5 50.
b5 Qb4+ 51. Kc2 Qxa4+ 52. Kd2 Qd4+ 53. Rfd3 Qf2+ 54. Kd1 a4 55. Rf3 Qd4+ 56. Ke2 Qe4+ 57. Kd2 Kxb5 58. Rcd3 Kb4 59. Rc3 Qd4+ 60. Kc2 f5 61. Kb2 a3+ 62. Kc2 a2 63. Rb3+ Kc4 64. Rfc3+ Kd5 65. Ra3 Qf2+ 66. Kb3 f3 67. Rxa2 Qb6+ 68.
Kc2 f2 69. Rf3 Qb5 70. Raa3 Qc5+ 71. Rac3 Qd4 72. Rxf5+ Ke4 73. Rff3 Qa4+ 74. Kd2 Qa2+ 75. Kd1 Qd5+ 76. Ke2 Qd2+ 77. Kxd2 f1=Q 78. Rce3+ Kd4 79. Rxf1 1-0